 Dungeon Crawl Stone Soup version 0.31.0-11-ge490571c62 (webtiles) character file.

Game seed: 18227825799373957773

25 Minsecho the Grasshopper (level 2, -7/15 HPs)
             Began as a Spriggan Warper on Jan 26, 2024.
             Mangled by Natasha (9 damage)
             ... on level 2 of the Dungeon.
             The game lasted 00:02:09 (854 turns).

Minsecho the Grasshopper (Spriggan Warper)           Turns: 854, Time: 00:02:11

Health: -7/15      AC:  2    Str:  7    XL:     2   Next: 86%
Magic:  5/7        EV: 17    Int: 14    God:
Gold:   59         SH:  0    Dex: 14    Spells: 3/7 levels left

rFire   . . .        a - +0 short sword
rCold   . . .        (no shield)
rNeg    . . .        b - +0 robe
rPois   .            (helmet restricted)
rElec   .            (no cloak)
rCorr   .            (gloves unavailable)
SInv    +            (boots unavailable)
Will    .....        (no amulet)
Stlth   ++           (no ring)
HPRegen 0.22/turn    (no ring)
MPRegen 0.10/turn

%: no passive effects
@: very quick
A: very small, no large weapons, unfitting armour, see invisible, speed 3
a: no special abilities


You were on level 2 of the Dungeon.
You visited 1 branch of the dungeon, and saw 2 of its levels.

You collected 59 gold pieces.

Inventory:

Hand Weapons
 a - a +0 short sword (weapon)
Missiles
 d - 7 darts of dispersal (quivered)
 e - 4 poisoned darts
Armour
 b - a +0 robe (worn)
Scrolls
 c - a scroll of blinking
 f - 3 scrolls of fog
 h - a scroll of noise {unknown}
 i - a scroll of butterflies {unknown}
 j - 2 scrolls of identify {unknown}
 l - a scroll of poison {unknown}
Potions
 g - 2 potions of heal wounds {unknown}
 k - a potion of curing {unknown}


   Skills:
 + Level 1.6 Fighting
 + Level 2.6 Short Blades
 + Level 1.0 Throwing
 + Level 3.5 Dodging
 * Level 1.2 Stealth
 + Level 3.3 Spellcasting
 + Level 4.5 Translocations


You had 3 spell levels left.
You knew the following spells:

 Your Spells              Type           Power      Damage    Failure   Level
a - Blink                 Tloc           30%        N/A       4%          2
b - Lesser Beckoning      Tloc           30%        N/A       4%          2

Your spell library contained the following spells:

 Spells                   Type           Power      Damage    Failure   Level
 Teleport Other           Tloc           15%        N/A       10%         3
 Manifold Assault         Tloc           15%        N/A       32%         4
 Vhi's Electric Charge    Tloc/Air       16%        N/A       63%         4


Dungeon Overview and Level Annotations

Branches:
Dungeon (2/15)

Altars:

Annotations:
D:2 Natasha


Innate Abilities, Weirdness & Mutations

You are very small and have problems with some larger weapons.
You are too small for most types of armour.
You have supernaturally acute eyesight. (SInv)
You cover ground extremely quickly. (Speed+++)


Message History

The ribbon worm is severely wounded.
The ribbon worm bites you.
You hit the ribbon worm.
The ribbon worm is severely wounded.
You barely miss the ribbon worm.
The ribbon worm is severely wounded.
The ribbon worm expels a string of sticky webbing.
The stream of webbing hits you but does no damage.
You are caught in a web!
The ribbon worm closely misses you.
You hit the ribbon worm.
The ribbon worm is almost dead.
You hit the ribbon worm but do no damage.
The ribbon worm is almost dead.
The ribbon worm bites you.
You hit the ribbon worm.
You kill the ribbon worm!
You start resting.
HP restored.
You open the door.
There is an open door here.
Cast which spell? (? or * to list)
Aiming: Lesser Beckoning (safe; 4% risk of failure)
Press: ? - help, Shift-Dir - straight line, f - Natasha
Aim: Natasha (asleep, 100% to hit)
Natasha hurls suddenly forward!
Natasha closely misses you.
You completely miss Natasha.
Natasha casts a spell.
You closely miss Natasha. Natasha casts a spell at you.
The magic dart hits you!
Ouch! That really hurt!
You hit Natasha.
Natasha is lightly wounded.
The cerulean imp hits you from afar with a +1 spear.
* * * LOW HITPOINT WARNING * * *
Natasha claws you!
Ouch! That really hurt!
You die...
Natasha begins licking her fur clean.

. .. .#######
......
#...#########.#.
###...##.....^....
#.....##.#@..##..
#? #.....'..#h.5#
#..#.....####...#
#.......# ......
####...<# ........
#...†#......####
#.....(.....#
#####.......#
##>..#.


You could see Natasha and a cerulean imp (summoned).

Vanquished Creatures
  A ribbon worm (D:2)
  2 ball pythons (D:1)
  4 bats (D:1)
  3 endoplasms
  3 goblins (D:1)
  3 hobgoblins (D:1)
  A quokka (D:1)
  3 frilled lizards (D:1)
  A rat (D:1)
21 creatures vanquished.

Notes
Turn   | Place    | Note
-------+----------+-------------------------------------------
     0 | D:1      | Minsecho the Spriggan Warper began the quest for the Orb.
     0 | D:1      | Reached XP level 1. HP: 10/10 MP: 5/5
   218 | D:1      | Reached XP level 2. HP: 14/14 MP: 7/7
   231 | D:1      | Learned a level 2 spell: Blink
   234 | D:1      | Learned a level 2 spell: Lesser Beckoning
   768 | D:2      | Reached skill level 1 in Stealth
   780 | D:2      | Noticed Natasha
   854 | D:2      | Mangled by Natasha

Illustrated notes

Levels and vault maps discovered:
D:1:      minmay_arrival_arboretum_small, layout_loops_ring
D:2:      layout_basic, minmay_misc_feat_plants, hangedman_decor_peaks_small,
          uniq_sigmund, uniq_jessica, uniq_natasha

Skill      XL: |  1  2 |
---------------+-------+-----
Spellcasting   | 3 |  3.3
Stealth        | 1 |  1.2
Fighting       | |  1.6
Short Blades   | |  2.6
Throwing       | |  1.0
Dodging        | |  3.5
Translocations | |  4.5

Action                     || total
---------------------------++-------
  Melee: Short sword       ||   102
         Punch             ||     1
   Cast: Lesser Beckoning  ||     1
    Use: Scroll            ||     1
 Armour: Robe              ||    31
  Dodge: Dodged            ||    67
